 Dungeon Crawl Stone Soup version 0.31.0-11-ge490571c62 (webtiles) character file.

Game seed: 4493977460695437635

226 hawla the Magician (level 5, -1/28 HPs)
             Began as a Deep Elf Fire Elementalist on Jan 31, 2024.
             Slain by a hobgoblin (5 damage)
             ... led by Robin
             ... on level 2 of the Dungeon.
             The game lasted 00:03:18 (1639 turns).

hawla the Magician (Deep Elf Fire Elementalist)     Turns: 1639, Time: 00:03:19

Health: -1/28      AC:  3    Str: 11    XL:     5   Next: 69%
Magic:  17/24      EV: 12    Int: 22    God:
Gold:   40         SH:  0    Dex: 15    Spells: 13/16 levels left

rFire   . . .        (no weapon)
rCold   . . .        (no shield)
rNeg    . . .        a - +1 robe
rPois   .            (no helmet)
rElec   .            (no cloak)
rCorr   .            (no gloves)
SInv    .            (no boots)
Will    .....        (no amulet)
Stlth   ++           c - +6 ring of strength
HPRegen 0.24/turn    h - ring of magical power
MPRegen 0.19/turn

%: no passive effects
@: weak-willed
A: no striking features
a: no special abilities


You were on level 2 of the Dungeon.
You visited 1 branch of the dungeon, and saw 2 of its levels.

You collected 40 gold pieces.

Inventory:

Armour
 a - a +1 robe (worn)
Jewellery
 c - a +6 ring of strength (left hand)
 f - a ring of willpower
 h - a ring of magical power (right hand)
Scrolls
 e - 2 scrolls of vulnerability
Potions
 b - a potion of magic


   Skills:
 - Level 2.4 Dodging
 - Level 2.4 Stealth
 - Level 6.0 Spellcasting
 + Level 4.5 Conjurations
 - Level 3.2 Fire Magic


You had 13 spell levels left.
You knew the following spells:

 Your Spells              Type           Power      Damage    Failure   Level
a - Foxfire               Conj/Fire      92%        2x1d8     1%          1
b - Scorch                Fire           42%        2d6       3%          2

Your spell library contained the following spells:

 Spells                   Type           Power      Damage    Failure   Level
 Dazzling Flash           Conj/Hex       32%        N/A       11%         3
 Inner Flame              Hex/Fire       13%        N/A       14%         3
 Mephitic Cloud           Conj/Alch/Air  13%        N/A       14%         3
 Volatile Blastmotes      Fire/Tloc      26%        2d12      14%         3
 Flame Wave               Conj/Fire      23%        2d8       19%         4
 Curse of Agony           Necr           6%         N/A       94%         5
 Silence                  Hex/Air        3%         N/A       94%         5


Dungeon Overview and Level Annotations

Branches:
Dungeon (2/15)

Altars:

Shops:
D:2 *

Annotations:
D:2 Robin


Message History

Casting: Foxfire (safe; 1% risk of failure)
Confirm with . or Enter, or press ? or * to list all spells.
You don't know that spell.
The goblin misses you. The goblin hits you with a +0 club.
Casting: Foxfire (safe; 1% risk of failure)
Confirm with . or Enter, or press ? or * to list all spells.
You don't know that spell.
Casting: Foxfire (safe; 1% risk of failure)
Confirm with . or Enter, or press ? or * to list all spells.
You conjure some foxfire!
The goblin hits you with a +0 club.
The foxfire hits the goblin.
You kill the goblin!
A goblin comes into view. It is wielding a +0 dagger.
Casting: Foxfire (safe; 1% risk of failure)
Confirm with . or Enter, or press ? or * to list all spells.
Flames lash the hobgoblin.
The hobgoblin is almost dead.
The hobgoblin's fire resistance burns away.
The goblin shouts!
The foxfire hits the goblin.
You kill the goblin!
The goblin hits you with a +0 club.
Casting: Scorch (safe; 3% risk of failure)
Confirm with . or Enter, or press ? or * to list all spells.
You conjure some foxfire!
The goblin hits you with a +0 club. x2
* * * LOW HITPOINT WARNING * * *
A goblin comes into view. It is wielding a +0 club.
It was a potion of cancellation.
You feel magically purged.
The foxfire hits the goblin.
The goblin is severely wounded.
The foxfire hits the goblin!
You kill the goblin!
The goblin hits you but does no damage.
A goblin comes into view. It is wielding a +0 dagger.
As you read the scroll labelled GEL TAORUROO, it crumbles to dust.
A wave of despondency washes over your surroundings.
It was a scroll of vulnerability.
The hobgoblin is no longer more vulnerable to fire.
The hobgoblin hits you.
You die...

#.# #.# #.#. #.##.#.#
. #.#.##.##.#.# ..
#.#.##.##.#.# gg
#?#.##.##.#.#
.##.#####.#.##.##.#.#
...>..g...#.##.##†#.#
#...g@.......##.#.####
#.###)................
#†....#.....#[....
#....####.#####.....
#....####.##########
....#.##.............
#.##.#.##.............
#. #.#.##.............
# #.#.##.............


You could see Robin (weak-willed), a hobgoblin (strong, weak-willed) and 2
goblins.

Vanquished Creatures
  Sigmund (D:2)
  A gnoll (D:1)
  An adder (D:2)
  2 bats (D:1)
  An endoplasm (D:1)
  2 giant cockroaches
  6 goblins
  4 hobgoblins
  6 jackals
  2 ball pythons (D:1)
  3 frilled lizards (D:1)
  4 kobolds (D:1)
  5 rats
38 creatures vanquished.

Vanquished Creatures (others)
  69 foxfires
69 creatures vanquished.

Grand Total: 107 creatures vanquished

Notes
Turn   | Place    | Note
-------+----------+-------------------------------------------
     0 | D:1      | hawla the Deep Elf Fire Elementalist began the quest for
                  | the Orb.
     0 | D:1      | Reached XP level 1. HP: 10/10 MP: 6/6
   243 | D:1      | Reached skill level 4 in Spellcasting
   243 | D:1      | Reached XP level 2. HP: 9/15 MP: 2/9
   484 | D:1      | Learned a level 2 spell: Scorch
   564 | D:1      | Found a faded altar of an unknown god.
   702 | D:1      | Reached XP level 3. HP: 19/19 MP: 8/11
   707 | D:1      | Reached skill level 5 in Spellcasting
   838 | D:1      | You fall into a shaft and drop 1 floor!
  1390 | D:2      | Found Ixkotwet's Assorted Antiques.
  1503 | D:2      | Noticed Sigmund
  1509 | D:2      | Killed Sigmund
  1510 | D:2      | Reached skill level 6 in Spellcasting
  1510 | D:2      | Reached XP level 4. HP: 19/24 MP: 14/14
  1510 | D:2      | Reached XP level 5. HP: 23/28 MP: 14/15
  1631 | D:2      | Noticed Robin
  1639 | D:2      | Slain by a hobgoblin

Illustrated notes

Levels and vault maps discovered:
D:1:      eino_arrival_water_star, layout_basic,
          shapermc_ecumenical_altar_mp_highgroup, minmay_cut_off
D:2:      layout_basic, serial_shops, nicolae_shop_dealshenge,
          nicolae_shop_dealshenge, uniq_sigmund, uniq_jessica, uniq_robin

Skill      XL: |  1  2  3 |
---------------+----------+-----
Spellcasting   | 4 6 |  6.0
Conjurations   | 4 |  4.5
Dodging        | |  2.4
Stealth        | |  2.4
Fire Magic     | |  3.2

Action                     |  1- 3 |  4- 6 || total
---------------------------+-------+-------++-------
  Melee: Unarmed           |     5 |       ||     5
   Cast: Foxfire           |    34 |     8 ||    42
         Scorch            |     8 |     2 ||    10
    Use: Scroll            |     4 |     1 ||     5
         Potion            |       |     1 ||     1
 Armour: Robe              |     5 |     7 ||    12
  Dodge: Dodged            |     9 |     2 ||    11
